Hartford Wolf Pack vs Chicago Wolves

Created - 23 janvier 2024 at 20:49

Goals
1 2 3 T
Hartford Wolf Pack 0 1 0 1
Chicago Wolves 0 4 2 6
Shots
1 2 3 T
Hartford Wolf Pack 7 18 7 32
Chicago Wolves 7 22 10 39

GoalsPenalties
1st period
No Goal
Anthony Bitetto (WLF) for Holding Stick (Minor) at 12:36
2nd period
1. Chicago Wolves , Tyson Foerster 23 (Vasily Podkolzin 40, Nils Hoglander 19) at 0:53
2. Chicago Wolves , Nils Hoglander 23 (Vasily Podkolzin 41, Tyson Foerster 38) at 15:32 (PP)
3. Hartford Wolf Pack , Karson Kuhlman 20 (Filip Hallander 55, Nicholas Robertson 55) at 16:19
4. Chicago Wolves , Mitchell Stephens 27 (Dean Stewart 20, Valtteri Puustinen 47) at 17:18 (PP)
5. Chicago Wolves , Nils Hoglander 24 (Tyson Foerster 39, Vasily Podkolzin 42) at 17:28
Jack Finley (WLF) for Interference (Minor) at 14:20
Brandon Biro (WLF) for Roughing (Minor) at 17:04
3rd period
6. Chicago Wolves , Lukas Rousek 20 (Santtu Kinnunen 18) at 13:12
7. Chicago Wolves , Vitali Kravtsov 13 (Lukas Rousek 42, Nils Hoglander 20) at 18:38
Jeff Malott (WLF) for Tripping (Minor) at 8:35
Jeff Malott (WLF) for Holding (Minor) at 10:55
Goalie Stats
Jet Greaves (WLF), 33 saves from 39 shots - (0,846), L, 11-12-2, 60:00 minutes
Devin Cooley (WOL), 31 saves from 32 shots - (0,969), W, 12-1-2, 60:00 minutes
3 StarsOfficial
1 - Nils Hoglander (WOL)
2 - Tyson Foerster (WOL)
3 - Devin Cooley (WOL)
Referees : Terry Koharski and Francis Charron
Linesman : Derek Wahl and Derek Amell
Game Note
No Game Note
Finance
Level 1 -- Attendance: 2000 (100,00%) -- Ticket Income $50,000
Level 2 -- Attendance: 1000 (100,00%) -- Ticket Income $10,000
Total Attendance: 3000 (100,00%)
Total Ticket Income: $60,000
Other Income: $29,400
Total Income: $89,400



Team Name Goals Shots Shots Attemp Shots Blocked PIM HIT PP PK FO%
Hartford Wolf Pack 132711710220 / 0 (0,00%250%
Chicago Wolves 63991180192 / 5 (40%)050%

Hartford Wolf Pack
Player Name POS G A P +/- PIM HIT SHT SB MP PP MP PP SHT PK MP PK SHT FO% FOT GA TA
Aleksi HeponiemiC/RW000-1022014:370:0000:1700% 100
Anthony BitettoD0000225226:200:0003:1710% 000
Ben HarpurD0000031425:090:0004:2600% 001
Brandon BiroLW000-1213016:500:0002:3600% 010
Declan ChisholmD000-3021218:330:0003:1600% 000
Ethan KeppenLW000002018:490:0000:0000% 002
Filip HallanderC/LW0110003121:590:0004:22046% 3700
Gustav OlofssonD0000010115:000:0000:4400% 002
Jack FinleyC000-1201014:190:0000:00069% 1300
Jeff MalottLW000-2426012:350:0000:3900% 001
Karson KuhlmanC/RW101-1012120:200:0002:2900% 210
Linus WeissbachLW000-1011111:580:0000:13050% 601
Marc Del GaizoD0000010012:390:0000:0600% 000
Nicholas RobertsonLW011-1013022:040:0004:16033% 320
Reece NewkirkC000000018:490:0000:000100% 200
Stelio MattheosC/RW000002118:490:0000:0000% 000
Tyler BensonLW000-1011111:300:0000:0000% 000
Zachary JonesD000-3002122:120:0002:5100% 002
Chicago Wolves
Player Name POS G A P +/- PIM HIT SHT SB MP PP MP PP SHT PK MP PK SHT FO% FOT GA TA
Buddy RobinsonRW0000021016:393:4200:00050% 200
C.J. SmithC/LW/RW0002021113:160:0000:00038% 1310
Cavan FitzgeraldD0000003321:123:5400:0000% 000
Dean StewartD0110000321:123:5400:0000% 001
Jackson CatesC/LW0000003013:210:1900:00044% 900
Jakub GalvasD0003000217:270:0000:0000% 000
Jordan HarrisD0000020021:213:2900:0000% 001
Lawrence PilutD0000001221:213:2900:0000% 000
Lukas RousekLW/RW1122017013:160:0000:000100% 100
Mitchell StephensC1010011216:393:4210:00037% 1911
Nils HoglanderLW/RW2241004216:413:2110:0000% 120
Saku MaenalanenLW/RW0000012013:240:2000:0000% 000
Santtu KinnunenD0113000017:270:0000:0000% 010
Tyson FoersterC1231023016:443:2200:00069% 1600
Valtteri PuustinenLW/RW0110032316:393:4210:000100% 101
Vasily PodkolzinRW0331032016:413:2100:000100% 110
Vitali KravtsovLW/RW1012024013:160:0000:000100% 120
William LockwoodRW0000005013:240:2000:0000% 010

Hartford Wolf Pack

5 vs 5 Forward
Line #Left WingCenterRight WingPHYDFOFWanted %Time %Time Play
1Nicholas RobertsonFilip HallanderKarson Kuhlman1224034%17:58
2Brandon BiroJack FinleyAleksi Heponiemi1223027%14:20
3Jeff MalottLinus WeissbachTyler Benson1222022%11:30
4Ethan KeppenReece NewkirkStelio Mattheos1221017%8:49
5 vs 5 Defense
Line #DefenseDefensePHYDFOFWanted %Time %Time Play
1Ben HarpurAnthony Bitetto1224039%20:33
2Zachary JonesDeclan Chisholm1223029%15:17
3Marc Del GaizoGustav Olofsson1222024%12:26
4Zachary JonesGustav Olofsson122108%4:21
Power Play Forward
Line #Left WingCenterRight WingPHYDFOFWanted %Time %Time Play
1Nicholas RobertsonFilip HallanderKarson Kuhlman122600%0:00
2Brandon BiroKarson KuhlmanAleksi Heponiemi122400%0:00
Power Play Defense
Line #DefenseDefensePHYDFOFWanted %Time %Time Play
1Marc Del GaizoAnthony Bitetto122600%0:00
2Zachary JonesDeclan Chisholm122400%0:00
Penalty Kill 4 Players Forward
Line #CenterWingPHYDFOFWanted %Time %Time Play
1Filip HallanderNicholas Robertson1226085%6:16
2Karson KuhlmanBrandon Biro1224015%1:07
Penalty Kill 4 Players Defense
Line #DefenseDefensePHYDFOFWanted %Time %Time Play
1Ben HarpurAnthony Bitetto1226071%5:16
2Zachary JonesDeclan Chisholm1224029%2:07
Penalty Kill 3 Players
Line #WingPHYDFOFWanted %Time %Time PlayDefenseDefensePHYDFOFWanted %Time %Time Play
1Filip Hallander122600%0:00 Ben HarpurAnthony Bitetto122600%0:00
2Karson Kuhlman122400%0:00 Zachary JonesDeclan Chisholm122400%0:00
4 vs 4 Forward
Line #CenterWingPHYDFOFWanted %Time %Time Play
1Filip HallanderNicholas Robertson122600%0:00
2Karson KuhlmanBrandon Biro122400%0:00
4 vs 4 Defense
Line #DefensePHYDFOFWanted %Time %Time Play
1Marc Del GaizoAnthony Bitetto122600%0:00
2Zachary JonesDeclan Chisholm122400%0:00
Last Minutes Offensive
Left WingCenterRight WingDefenseDefense
Nicholas RobertsonFilip HallanderKarson KuhlmanDeclan ChisholmAnthony Bitetto
Last Minutes Defensive
Left WingCenterRight WingDefenseDefense
Nicholas RobertsonFilip HallanderKarson KuhlmanDeclan ChisholmAnthony Bitetto
Time
Total ForwardTotal DefenseLast Minutes OffensiveLast Minutes Defensive
60:00 60:00 0:000:00
Extra Forwards
Normal PowerPlayPenalty Kill
Brandon Biro, Jeff Malott, Linus WeissbachBrandon Biro, Jeff MalottBrandon Biro
Extra Defensemen
Normal PowerPlayPenalty Kill
Ben Harpur, Declan Chisholm, Gustav OlofssonZachary Jones, Ben HarpurAnthony Bitetto
Penalty Shots
Filip Hallander, Nicholas Robertson, Karson Kuhlman, Aleksi Heponiemi, Brandon Biro
Goalie
Jet Greaves, Dylan Ferguson
Scratches
Jerad Rosburg (Healthy), Quinn Schmiemann (Healthy)

Chicago Wolves

5 vs 5 Forward
Line #Left WingCenterRight WingPHYDFOFWanted %Time %Time Play
1Nils HoglanderTyson FoersterVasily Podkolzin0232525%13:22
2Valtteri PuustinenMitchell StephensBuddy Robinson0232525%12:57
3Saku MaenalanenJackson CatesWilliam Lockwood0232525%13:02
4Lukas RousekC.J. SmithVitali Kravtsov0232525%13:16
5 vs 5 Defense
Line #DefenseDefensePHYDFOFWanted %Time %Time Play
1Jordan HarrisLawrence Pilut0233433%17:21
2Dean StewartCavan Fitzgerald0233333%17:18
3Jakub GalvasSanttu Kinnunen0233333%17:27
4Jordan HarrisLawrence Pilut02301%0:31
Power Play Forward
Line #Left WingCenterRight WingPHYDFOFWanted %Time %Time Play
1Nils HoglanderTyson FoersterVasily Podkolzin0235046%3:22
2Valtteri PuustinenMitchell StephensBuddy Robinson0235054%4:01
Power Play Defense
Line #DefenseDefensePHYDFOFWanted %Time %Time Play
1Jordan HarrisLawrence Pilut0235047%3:29
2Dean StewartCavan Fitzgerald0235053%3:54
Penalty Kill 4 Players Forward
Line #CenterWingPHYDFOFWanted %Time %Time Play
1Tyson FoersterNils Hoglander023500%0:00
2Mitchell StephensValtteri Puustinen023500%0:00
Penalty Kill 4 Players Defense
Line #DefenseDefensePHYDFOFWanted %Time %Time Play
1Jordan HarrisLawrence Pilut023500%0:00
2Dean StewartCavan Fitzgerald023500%0:00
Penalty Kill 3 Players
Line #WingPHYDFOFWanted %Time %Time PlayDefenseDefensePHYDFOFWanted %Time %Time Play
1Tyson Foerster023500%0:00 Jordan HarrisLawrence Pilut023500%0:00
2Mitchell Stephens023500%0:00 Dean StewartCavan Fitzgerald023500%0:00
4 vs 4 Forward
Line #CenterWingPHYDFOFWanted %Time %Time Play
1Tyson FoersterNils Hoglander023500%0:00
2Mitchell StephensValtteri Puustinen023500%0:00
4 vs 4 Defense
Line #DefensePHYDFOFWanted %Time %Time Play
1Jordan HarrisLawrence Pilut023500%0:00
2Dean StewartCavan Fitzgerald023500%0:00
Last Minutes Offensive
Left WingCenterRight WingDefenseDefense
Nils HoglanderTyson FoersterVasily PodkolzinJordan HarrisLawrence Pilut
Last Minutes Defensive
Left WingCenterRight WingDefenseDefense
Nils HoglanderTyson FoersterVasily PodkolzinJordan HarrisLawrence Pilut
Time
Total ForwardTotal DefenseLast Minutes OffensiveLast Minutes Defensive
60:00 60:00 0:000:00
Extra Forwards
Normal PowerPlayPenalty Kill
Saku Maenalanen, Buddy Robinson, Mitchell StephensSaku Maenalanen, Buddy RobinsonSaku Maenalanen
Extra Defensemen
Normal PowerPlayPenalty Kill
Cavan Fitzgerald, Jakub Galvas, Santtu KinnunenCavan Fitzgerald, Cavan FitzgeraldJakub Galvas
Penalty Shots
Nils Hoglander, Vasily Podkolzin, Tyson Foerster, Valtteri Puustinen, Saku Maenalanen
Goalie
Devin Cooley, Unknown Goalie
Scratches
C.J. Suess (Healthy), Linus Hogberg (Healthy), Oskari Laaksonen (Healthy), Daniil Chayka (Healthy), Daniel Vladar (Healthy) Kyle Keyser (Healthy), Nico Daws (Healthy)


Play-by-Play

1st period


0:01 of 1st period - Tyson Foerster wins face-off versus Nicholas Robertson in neutral zone.
1:31 of 1st period - Slapshot by Zachary Jones.
1:31 of 1st period - Shot Misses the Net.
2:50 of 1st period - Jordan Harris is hit by Stelio Mattheos and loses puck.
3:09 of 1st period - Wrist shot by Aleksi Heponiemi.
3:09 of 1st period - Stopped by Devin Cooley without a rebound.
3:10 of 1st period - Filip Hallander wins face-off versus C.J. Smith in Chicago Wolves zone.
3:11 of 1st period - Snap shot by Nicholas Robertson.
3:11 of 1st period - Stopped by Devin Cooley without a rebound.
3:12 of 1st period - Filip Hallander wins face-off versus C.J. Smith in Chicago Wolves zone.
3:21 of 1st period - Wrist shot by Filip Hallander.
3:21 of 1st period - Stopped by Devin Cooley without a rebound.
3:22 of 1st period - Jackson Cates wins face-off versus Nicholas Robertson in Chicago Wolves zone.
3:28 of 1st period - Icing by William Lockwood.
3:29 of 1st period - Jackson Cates wins face-off versus Filip Hallander in Chicago Wolves zone.
3:34 of 1st period - Snap shot by William Lockwood.
3:34 of 1st period - Stopped by Jet Greaves with a rebound.
3:36 of 1st period - Slapshot by Jackson Cates.
3:36 of 1st period - Stopped by Jet Greaves with a rebound.
3:38 of 1st period - Snap shot by William Lockwood.
3:38 of 1st period - Stopped by Jet Greaves with a rebound.
4:20 of 1st period - Slapshot by Valtteri Puustinen.
4:20 of 1st period - Shot Misses the Net.
4:49 of 1st period - Snap shot by Nils Hoglander.
4:49 of 1st period - Shot Blocked by Reece Newkirk.
5:19 of 1st period - Wrist shot by Aleksi Heponiemi.
5:19 of 1st period - Shot Blocked by Cavan Fitzgerald.
5:31 of 1st period - Snap shot by Saku Maenalanen.
5:31 of 1st period - Deflect By William Lockwood.
5:31 of 1st period - Stopped by Jet Greaves with a rebound.
5:35 of 1st period - Snap shot by Jackson Cates.
5:35 of 1st period - Shot Blocked by Declan Chisholm.
5:37 of 1st period - Slapshot by Saku Maenalanen.
5:37 of 1st period - Shot Misses the Net.
5:39 of 1st period - Slapshot by Dean Stewart.
5:39 of 1st period - Deflect By William Lockwood.
5:39 of 1st period - Shot Misses the Net.
5:39 of 1st period - Puck is out of play.
5:40 of 1st period - Filip Hallander wins face-off versus C.J. Smith in Hartford Wolf Pack zone.
6:14 of 1st period - Zachary Jones is hit by Vasily Podkolzin and loses puck.
6:29 of 1st period - Ben Harpur is hit by Buddy Robinson and loses puck.
8:02 of 1st period - Off-side.
8:03 of 1st period - Filip Hallander wins face-off versus Tyson Foerster in neutral zone.
8:08 of 1st period - Lawrence Pilut is hit by Gustav Olofsson and loses puck.
8:23 of 1st period - Backhand shot by Vasily Podkolzin.
8:23 of 1st period - Shot Misses the Net.
8:29 of 1st period - Jordan Harris is hit by Karson Kuhlman.
8:32 of 1st period - Off-side.
8:33 of 1st period - Jack Finley wins face-off versus Mitchell Stephens in neutral zone.
8:48 of 1st period - Snap shot by Mitchell Stephens.
8:48 of 1st period - Shot Misses the Net.
9:04 of 1st period - Wrist shot by William Lockwood.
9:04 of 1st period - Shot Misses the Net.
9:06 of 1st period - Snap shot by Saku Maenalanen.
9:06 of 1st period - Shot Misses the Net.
9:08 of 1st period - Snap shot by Saku Maenalanen.
9:08 of 1st period - Shot Misses the Net.
9:10 of 1st period - Slapshot by Jakub Galvas.
9:10 of 1st period - Shot Blocked by Linus Weissbach.
9:45 of 1st period - Off-side.
9:46 of 1st period - Reece Newkirk wins face-off versus Nils Hoglander in neutral zone.
9:48 of 1st period - Off-side.
9:49 of 1st period - Mitchell Stephens wins face-off versus Filip Hallander in neutral zone.
10:50 of 1st period - Saku Maenalanen is hit by Jeff Malott and loses puck.
11:07 of 1st period - Snap shot by Mitchell Stephens.
11:07 of 1st period - Shot Misses the Net.
11:09 of 1st period - Snap shot by Mitchell Stephens.
11:09 of 1st period - Shot Misses the Net.
11:27 of 1st period - Snap shot by Filip Hallander.
11:27 of 1st period - Shot Blocked by Dean Stewart.
11:29 of 1st period - Slapshot by Anthony Bitetto.
11:29 of 1st period - Deflect By Tyson Foerster.
11:29 of 1st period - Stopped by Devin Cooley without a rebound.
11:30 of 1st period - Jackson Cates wins face-off versus Filip Hallander in Chicago Wolves zone.
12:29 of 1st period - Snap shot by Filip Hallander.
12:29 of 1st period - Stopped by Devin Cooley with a rebound.
12:31 of 1st period - Wrist shot by Nicholas Robertson.
12:31 of 1st period - Stopped by Devin Cooley without a rebound.
12:32 of 1st period - Mitchell Stephens wins face-off versus Jack Finley in Chicago Wolves zone.
12:36 of 1st period - Minor Penalty to Anthony Bitetto for Holding Stick.
12:37 of 1st period - Tyson Foerster wins face-off versus Filip Hallander in Hartford Wolf Pack zone.
14:36 of 1st period - Penalty to Anthony Bitetto is over, Anthony Bitetto is back on ice.
14:46 of 1st period - C.J. Smith is hit by Ethan Keppen and loses puck.
15:27 of 1st period - Marc Del Gaizo is hit by Tyson Foerster and loses puck.
15:47 of 1st period - Icing by Aleksi Heponiemi.
15:48 of 1st period - Filip Hallander wins face-off versus Jackson Cates in Hartford Wolf Pack zone.
15:48 of 1st period - Filip Hallander is hit by Saku Maenalanen.
16:37 of 1st period - Jack Finley is hit by Mitchell Stephens and loses puck.
17:30 of 1st period - Snap shot by Jackson Cates.
17:30 of 1st period - Deflect By Vitali Kravtsov.
17:30 of 1st period - Shot Hit the Post.
17:30 of 1st period - Puck is out of play.
17:31 of 1st period - Linus Weissbach wins face-off versus C.J. Smith in Hartford Wolf Pack zone.
18:04 of 1st period - Snap shot by Brandon Biro.
18:04 of 1st period - Shot Misses the Net.
18:06 of 1st period - Snap shot by Brandon Biro.
18:06 of 1st period - Shot Misses the Net.
18:43 of 1st period - Wrist shot by William Lockwood.
18:43 of 1st period - Stopped by Jet Greaves with a rebound.
18:45 of 1st period - Slapshot by Jordan Harris.
18:45 of 1st period - Shot Misses the Net.
18:47 of 1st period - Slapshot by William Lockwood.
18:47 of 1st period - Stopped by Jet Greaves without a rebound.
18:48 of 1st period - Jack Finley wins face-off versus Jackson Cates in Hartford Wolf Pack zone.
19:04 of 1st period - Wrist shot by Saku Maenalanen.
19:04 of 1st period - Stopped by Jet Greaves without a rebound.
19:05 of 1st period - Filip Hallander wins face-off versus Mitchell Stephens in Hartford Wolf Pack zone.
19:07 of 1st period - Icing by Nicholas Robertson.
19:08 of 1st period - Filip Hallander wins face-off versus Mitchell Stephens in Hartford Wolf Pack zone.
19:13 of 1st period - Karson Kuhlman is hit by Valtteri Puustinen and loses puck.
19:33 of 1st period - Icing by Mitchell Stephens.
19:34 of 1st period - Jack Finley wins face-off versus Tyson Foerster in Chicago Wolves zone.
19:35 of 1st period - Snap shot by Brandon Biro.
19:35 of 1st period - Stopped by Devin Cooley with a rebound.
Goals for this period are 0 for Hartford Wolf Pack vs 0 for Chicago Wolves.
Shots for this period are 7 for Hartford Wolf Pack vs 7 for Chicago Wolves.

2nd period


0:01 of 2nd period - Filip Hallander wins face-off versus Buddy Robinson in neutral zone.
0:15 of 2nd period - Wrist shot by Karson Kuhlman.
0:15 of 2nd period - Shot Misses the Net.
0:31 of 2nd period - Snap shot by Brandon Biro.
0:31 of 2nd period - Stopped by Devin Cooley with a rebound.
0:33 of 2nd period - Snap shot by Jack Finley.
0:33 of 2nd period - Stopped by Devin Cooley with a rebound.
0:35 of 2nd period - Slapshot by Declan Chisholm.
0:35 of 2nd period - Shot Blocked by C.J. Smith.
0:51 of 2nd period - Wrist shot by Vasily Podkolzin.
0:51 of 2nd period - Stopped by Jet Greaves with a rebound.
0:53 of 2nd period - Wrist shot by Tyson Foerster.
0:53 of 2nd period - Goal by Tyson Foerster - Hartford Wolf Pack : 0 - Chicago Wolves : 1.
0:54 of 2nd period - Mitchell Stephens wins face-off versus Filip Hallander in neutral zone.
1:19 of 2nd period - Nicholas Robertson is hit by C.J. Smith.
1:23 of 2nd period - Snap shot by Vitali Kravtsov.
1:23 of 2nd period - Deflect By C.J. Smith.
1:23 of 2nd period - Shot Misses the Net.
1:23 of 2nd period - Puck is out of play.
1:24 of 2nd period - C.J. Smith wins face-off versus Jack Finley in Hartford Wolf Pack zone.
1:25 of 2nd period - Wrist shot by Vitali Kravtsov.
1:25 of 2nd period - Deflect By C.J. Smith.
1:25 of 2nd period - Shot Misses the Net.
1:25 of 2nd period - Puck is out of play.
1:26 of 2nd period - Jack Finley wins face-off versus C.J. Smith in Hartford Wolf Pack zone.
2:01 of 2nd period - Snap shot by Nicholas Robertson.
2:01 of 2nd period - Shot Blocked by Cavan Fitzgerald.
2:13 of 2nd period - Snap shot by Tyson Foerster.
2:13 of 2nd period - Stopped by Jet Greaves with a rebound.
2:15 of 2nd period - Slapshot by Dean Stewart.
2:15 of 2nd period - Shot Blocked by Ben Harpur.
2:17 of 2nd period - Slapshot by Dean Stewart.
2:17 of 2nd period - Shot Blocked by Tyler Benson.
2:19 of 2nd period - Slapshot by Dean Stewart.
2:19 of 2nd period - Shot Blocked by Ben Harpur.
2:21 of 2nd period - Wrist shot by Vasily Podkolzin.
2:21 of 2nd period - Stopped by Jet Greaves with a rebound.
2:23 of 2nd period - Wrist shot by Tyson Foerster.
2:23 of 2nd period - Shot Misses the Net.
2:33 of 2nd period - Wrist shot by Brandon Biro.
2:33 of 2nd period - Stopped by Devin Cooley with a rebound.
2:35 of 2nd period - Slapshot by Jack Finley.
2:35 of 2nd period - Shot Blocked by Mitchell Stephens.
2:37 of 2nd period - Slapshot by Anthony Bitetto.
2:37 of 2nd period - Shot Blocked by Lawrence Pilut.
2:39 of 2nd period - Snap shot by Brandon Biro.
2:39 of 2nd period - Shot Blocked by Lawrence Pilut.
2:41 of 2nd period - Snap shot by Ben Harpur.
2:41 of 2nd period - Stopped by Devin Cooley with a rebound.
2:43 of 2nd period - Snap shot by Brandon Biro.
2:43 of 2nd period - Shot Blocked by Valtteri Puustinen.
3:30 of 2nd period - Snap shot by Filip Hallander.
3:30 of 2nd period - Shot Blocked by Nils Hoglander.
4:17 of 2nd period - Wrist shot by Saku Maenalanen.
4:17 of 2nd period - Deflect By William Lockwood.
4:17 of 2nd period - Shot Misses the Net.
4:17 of 2nd period - Puck is out of play.
4:18 of 2nd period - Reece Newkirk wins face-off versus Jackson Cates in Hartford Wolf Pack zone.
4:42 of 2nd period - Jackson Cates is hit by Ethan Keppen.
4:58 of 2nd period - Snap shot by Saku Maenalanen.
4:58 of 2nd period - Shot Blocked by Ben Harpur.
5:08 of 2nd period - Dean Stewart is hit by Anthony Bitetto and loses puck.
5:17 of 2nd period - Wrist shot by Jackson Cates.
5:17 of 2nd period - Stopped by Jet Greaves with a rebound.
5:19 of 2nd period - Snap shot by Jakub Galvas.
5:19 of 2nd period - Shot Misses the Net.
5:44 of 2nd period - Slapshot by Lawrence Pilut.
5:44 of 2nd period - Stopped by Jet Greaves with a rebound.
5:46 of 2nd period - Slapshot by Jackson Cates.
5:46 of 2nd period - Shot Blocked by Stelio Mattheos.
5:48 of 2nd period - Wrist shot by William Lockwood.
5:48 of 2nd period - Shot Blocked by Anthony Bitetto.
5:50 of 2nd period - Slapshot by Lawrence Pilut.
5:50 of 2nd period - Shot Blocked by Ethan Keppen.
5:52 of 2nd period - Slapshot by Lawrence Pilut.
5:52 of 2nd period - Shot Misses the Net.
5:56 of 2nd period - Wrist shot by William Lockwood.
5:56 of 2nd period - Shot Misses the Net.
6:00 of 2nd period - Snap shot by Saku Maenalanen.
6:00 of 2nd period - Shot Misses the Net.
6:02 of 2nd period - Wrist shot by Jackson Cates.
6:02 of 2nd period - Stopped by Jet Greaves without a rebound.
6:03 of 2nd period - Tyson Foerster wins face-off versus Filip Hallander in Hartford Wolf Pack zone.
6:28 of 2nd period - Buddy Robinson is hit by Brandon Biro and loses puck.
6:49 of 2nd period - Slapshot by Jeff Malott.
6:49 of 2nd period - Stopped by Devin Cooley without a rebound.
6:50 of 2nd period - C.J. Smith wins face-off versus Linus Weissbach in Chicago Wolves zone.
6:50 of 2nd period - C.J. Smith is hit by Marc Del Gaizo.
7:05 of 2nd period - Wrist shot by Vitali Kravtsov.
7:05 of 2nd period - Shot Hit the Post.
7:15 of 2nd period - Linus Weissbach is hit by Valtteri Puustinen and loses puck.
7:42 of 2nd period - Tyler Benson is hit by Tyson Foerster and loses puck.
7:55 of 2nd period - Slapshot by Jeff Malott.
7:55 of 2nd period - Stopped by Devin Cooley without a rebound.
7:56 of 2nd period - C.J. Smith wins face-off versus Filip Hallander in Chicago Wolves zone.
8:00 of 2nd period - Off-side.
8:01 of 2nd period - Filip Hallander wins face-off versus C.J. Smith in neutral zone.
8:04 of 2nd period - C.J. Smith is hit by Anthony Bitetto and loses puck.
8:13 of 2nd period - Slapshot by Vitali Kravtsov.
8:13 of 2nd period - Stopped by Jet Greaves without a rebound.
8:14 of 2nd period - Tyson Foerster wins face-off versus Filip Hallander in Hartford Wolf Pack zone.
8:15 of 2nd period - Slapshot by Nils Hoglander.
8:15 of 2nd period - Shot Blocked by Anthony Bitetto.
8:25 of 2nd period - Wrist shot by Tyson Foerster.
8:25 of 2nd period - Shot Blocked by Karson Kuhlman.
8:50 of 2nd period - Wrist shot by Valtteri Puustinen.
8:50 of 2nd period - Deflect By Mitchell Stephens.
8:50 of 2nd period - Shot Misses the Net.
8:50 of 2nd period - Puck is out of play.
8:51 of 2nd period - Lukas Rousek wins face-off versus Linus Weissbach in Hartford Wolf Pack zone.
9:17 of 2nd period - Wrist shot by C.J. Smith.
9:17 of 2nd period - Shot Blocked by Filip Hallander.
9:25 of 2nd period - Snap shot by Nicholas Robertson.
9:25 of 2nd period - Stopped by Devin Cooley without a rebound.
9:26 of 2nd period - Valtteri Puustinen wins face-off versus Aleksi Heponiemi in Chicago Wolves zone.
9:41 of 2nd period - Snap shot by Aleksi Heponiemi.
9:41 of 2nd period - Shot Misses the Net.
9:53 of 2nd period - Nicholas Robertson is hit by Vasily Podkolzin and loses puck.
10:02 of 2nd period - Wrist shot by Nils Hoglander.
10:02 of 2nd period - Shot Misses the Net.
10:04 of 2nd period - Slapshot by Nils Hoglander.
10:04 of 2nd period - Stopped by Jet Greaves with a rebound.
10:18 of 2nd period - Snap shot by Lukas Rousek.
10:18 of 2nd period - Stopped by Jet Greaves with a rebound.
10:20 of 2nd period - Slapshot by Cavan Fitzgerald.
10:20 of 2nd period - Stopped by Jet Greaves without a rebound.
10:21 of 2nd period - Jack Finley wins face-off versus Mitchell Stephens in Hartford Wolf Pack zone.
10:31 of 2nd period - Slapshot by Brandon Biro.
10:31 of 2nd period - Shot Misses the Net.
10:33 of 2nd period - Slapshot by Declan Chisholm.
10:33 of 2nd period - Shot Misses the Net.
10:35 of 2nd period - Wrist shot by Declan Chisholm.
10:35 of 2nd period - Shot Blocked by Valtteri Puustinen.
10:37 of 2nd period - Snap shot by Jack Finley.
10:37 of 2nd period - Shot Misses the Net.
10:47 of 2nd period - Tyson Foerster is hit by Nicholas Robertson and loses puck.
11:10 of 2nd period - Slapshot by Ethan Keppen.
11:10 of 2nd period - Shot Misses the Net.
11:12 of 2nd period - Slapshot by Ben Harpur.
11:12 of 2nd period - Shot Misses the Net.
11:14 of 2nd period - Wrist shot by Reece Newkirk.
11:14 of 2nd period - Shot Blocked by Cavan Fitzgerald.
11:16 of 2nd period - Wrist shot by Stelio Mattheos.
11:16 of 2nd period - Shot Misses the Net.
11:18 of 2nd period - Snap shot by Stelio Mattheos.
11:18 of 2nd period - Stopped by Devin Cooley with a rebound.
11:32 of 2nd period - Wrist shot by Vitali Kravtsov.
11:32 of 2nd period - Shot Misses the Net.
11:34 of 2nd period - Snap shot by Vitali Kravtsov.
11:34 of 2nd period - Stopped by Jet Greaves with a rebound.
11:36 of 2nd period - Snap shot by Vitali Kravtsov.
11:36 of 2nd period - Stopped by Jet Greaves without a rebound.
11:37 of 2nd period - Buddy Robinson wins face-off versus Filip Hallander in Hartford Wolf Pack zone.
11:52 of 2nd period - Snap shot by Karson Kuhlman.
11:52 of 2nd period - Shot Misses the Net.
12:04 of 2nd period - Brandon Biro is hit by Jordan Harris and loses puck.
12:11 of 2nd period - C.J. Smith is hit by Aleksi Heponiemi and loses puck.
12:24 of 2nd period - Snap shot by Jeff Malott.
12:24 of 2nd period - Stopped by Devin Cooley with a rebound.
12:54 of 2nd period - Snap shot by Tyson Foerster.
12:54 of 2nd period - Stopped by Jet Greaves without a rebound.
12:55 of 2nd period - Mitchell Stephens wins face-off versus Filip Hallander in Hartford Wolf Pack zone.
13:06 of 2nd period - Backhand shot by Filip Hallander.
13:06 of 2nd period - Shot Misses the Net.
13:21 of 2nd period - Icing by Ben Harpur.
13:22 of 2nd period - C.J. Smith wins face-off versus Filip Hallander in Hartford Wolf Pack zone.
13:31 of 2nd period - Wrist shot by Karson Kuhlman.
13:31 of 2nd period - Stopped by Devin Cooley without a rebound.
13:32 of 2nd period - Vitali Kravtsov wins face-off versus Jack Finley in Chicago Wolves zone.
13:32 of 2nd period - Vitali Kravtsov is hit by Aleksi Heponiemi.
13:52 of 2nd period - Slapshot by Lukas Rousek.
13:52 of 2nd period - Stopped by Jet Greaves with a rebound.
13:54 of 2nd period - Slapshot by Vitali Kravtsov.
13:54 of 2nd period - Shot Misses the Net.
14:00 of 2nd period - Wrist shot by Lukas Rousek.
14:00 of 2nd period - Stopped by Jet Greaves with a rebound.
14:02 of 2nd period - Slapshot by Cavan Fitzgerald.
14:02 of 2nd period - Stopped by Jet Greaves with a rebound.
14:04 of 2nd period - Wrist shot by Vitali Kravtsov.
14:04 of 2nd period - Shot Misses the Net.
14:20 of 2nd period - Minor Penalty to Jack Finley for Interference.
14:21 of 2nd period - Tyson Foerster wins face-off versus Filip Hallander in Hartford Wolf Pack zone.
14:56 of 2nd period - Slapshot by Jordan Harris.
14:56 of 2nd period - Shot Misses the Net.
14:58 of 2nd period - Slapshot by Jordan Harris.
14:58 of 2nd period - Deflect By Mitchell Stephens.
14:58 of 2nd period - Shot Blocked by Declan Chisholm.
14:58 of 2nd period - Puck is out of play.
14:59 of 2nd period - Mitchell Stephens wins face-off versus Karson Kuhlman in Hartford Wolf Pack zone.
15:32 of 2nd period - Snap shot by Nils Hoglander.
15:32 of 2nd period - Goal by Nils Hoglander - Hartford Wolf Pack : 0 - Chicago Wolves : 2.
15:33 of 2nd period - Tyson Foerster wins face-off versus Filip Hallander in neutral zone.
15:38 of 2nd period - Wrist shot by Nicholas Robertson.
15:38 of 2nd period - Shot Blocked by Jakub Galvas.
15:44 of 2nd period - Snap shot by Nils Hoglander.
15:44 of 2nd period - Stopped by Jet Greaves with a rebound.
15:48 of 2nd period - Snap shot by Nils Hoglander.
15:48 of 2nd period - Deflect By Tyson Foerster.
15:48 of 2nd period - Shot Misses the Net.
15:48 of 2nd period - Puck is out of play.
15:49 of 2nd period - Jack Finley wins face-off versus Mitchell Stephens in Hartford Wolf Pack zone.
15:53 of 2nd period - Off-side.
15:54 of 2nd period - Jack Finley wins face-off versus Mitchell Stephens in neutral zone.
16:05 of 2nd period - Wrist shot by Aleksi Heponiemi.
16:05 of 2nd period - Deflect By Buddy Robinson.
16:05 of 2nd period - Shot Blocked by Jakub Galvas.
16:05 of 2nd period - Puck is out of play.
16:06 of 2nd period - Filip Hallander wins face-off versus Tyson Foerster in Chicago Wolves zone.
16:07 of 2nd period - Wrist shot by Karson Kuhlman.
16:07 of 2nd period - Shot Misses the Net.
16:09 of 2nd period - Wrist shot by Filip Hallander.
16:09 of 2nd period - Shot Misses the Net.
16:11 of 2nd period - Slapshot by Zachary Jones.
16:11 of 2nd period - Stopped by Devin Cooley with a rebound.
16:13 of 2nd period - Wrist shot by Filip Hallander.
16:13 of 2nd period - Stopped by Devin Cooley with a rebound.
16:17 of 2nd period - Slapshot by Filip Hallander.
16:17 of 2nd period - Shot Blocked by Nils Hoglander.
16:19 of 2nd period - Snap shot by Karson Kuhlman.
16:19 of 2nd period - Goal by Karson Kuhlman - Hartford Wolf Pack : 1 - Chicago Wolves : 2.
16:20 of 2nd period - Filip Hallander wins face-off versus Jackson Cates in neutral zone.
16:49 of 2nd period - Ben Harpur is hit by Valtteri Puustinen and loses puck.
17:04 of 2nd period - Minor Penalty to Brandon Biro for Roughing.
17:05 of 2nd period - Filip Hallander wins face-off versus Mitchell Stephens in Hartford Wolf Pack zone.
17:16 of 2nd period - Slapshot by Dean Stewart.
17:16 of 2nd period - Shot Blocked by Zachary Jones.
17:18 of 2nd period - Snap shot by Mitchell Stephens.
17:18 of 2nd period - Goal by Mitchell Stephens - Hartford Wolf Pack : 1 - Chicago Wolves : 3.
17:19 of 2nd period - Vasily Podkolzin wins face-off versus Filip Hallander in neutral zone.
17:28 of 2nd period - Wrist shot by Nils Hoglander.
17:28 of 2nd period - Goal by Nils Hoglander - Hartford Wolf Pack : 1 - Chicago Wolves : 4.
17:29 of 2nd period - Tyson Foerster wins face-off versus Filip Hallander in neutral zone.
18:17 of 2nd period - Wrist shot by Jeff Malott.
18:17 of 2nd period - Stopped by Devin Cooley with a rebound.
18:23 of 2nd period - Slapshot by Jeff Malott.
18:23 of 2nd period - Stopped by Devin Cooley without a rebound.
18:24 of 2nd period - Filip Hallander wins face-off versus C.J. Smith in Chicago Wolves zone.
18:35 of 2nd period - Filip Hallander is hit by C.J. Smith and loses puck.
18:40 of 2nd period - Snap shot by Lukas Rousek.
18:40 of 2nd period - Shot Misses the Net.
19:08 of 2nd period - Off-side.
19:09 of 2nd period - Linus Weissbach wins face-off versus Mitchell Stephens in neutral zone.
19:18 of 2nd period - Wrist shot by Linus Weissbach.
19:18 of 2nd period - Stopped by Devin Cooley with a rebound.
19:20 of 2nd period - Backhand shot by Anthony Bitetto.
19:20 of 2nd period - Deflect By Buddy Robinson.
19:20 of 2nd period - Stopped by Devin Cooley with a rebound.
19:22 of 2nd period - Slapshot by Anthony Bitetto.
19:22 of 2nd period - Stopped by Devin Cooley with a rebound.
19:24 of 2nd period - Wrist shot by Jeff Malott.
19:24 of 2nd period - Shot Blocked by Mitchell Stephens.
19:58 of 2nd period - Snap shot by Lukas Rousek.
19:58 of 2nd period - Deflect By C.J. Smith.
19:58 of 2nd period - Stopped by Jet Greaves with a rebound.
Goals for this period are 1 for Hartford Wolf Pack vs 4 for Chicago Wolves.
Shots for this period are 18 for Hartford Wolf Pack vs 22 for Chicago Wolves.

3rd period


0:01 of 3rd period - Tyson Foerster wins face-off versus Filip Hallander in neutral zone.
0:25 of 3rd period - Brandon Biro is hit by Vitali Kravtsov and loses puck.
0:57 of 3rd period - Slapshot by Tyler Benson.
0:57 of 3rd period - Shot Misses the Net.
0:59 of 3rd period - Snap shot by Jeff Malott.
0:59 of 3rd period - Stopped by Devin Cooley with a rebound.
1:15 of 3rd period - Snap shot by Mitchell Stephens.
1:15 of 3rd period - Shot Misses the Net.
1:17 of 3rd period - Snap shot by Valtteri Puustinen.
1:17 of 3rd period - Stopped by Jet Greaves with a rebound.
1:19 of 3rd period - Snap shot by Buddy Robinson.
1:19 of 3rd period - Shot Blocked by Ben Harpur.
1:35 of 3rd period - Slapshot by Karson Kuhlman.
1:35 of 3rd period - Shot Misses the Net.
1:53 of 3rd period - Jack Finley is hit by Vitali Kravtsov and loses puck.
1:57 of 3rd period - Icing by Gustav Olofsson.
1:58 of 3rd period - C.J. Smith wins face-off versus Jack Finley in Hartford Wolf Pack zone.
2:01 of 3rd period - Snap shot by Lukas Rousek.
2:01 of 3rd period - Stopped by Jet Greaves with a rebound.
2:03 of 3rd period - Wrist shot by Lukas Rousek.
2:03 of 3rd period - Stopped by Jet Greaves without a rebound.
2:04 of 3rd period - Nicholas Robertson wins face-off versus Mitchell Stephens in Hartford Wolf Pack zone.
3:25 of 3rd period - Off-side.
3:26 of 3rd period - Tyson Foerster wins face-off versus Karson Kuhlman in neutral zone.
3:52 of 3rd period - Buddy Robinson is hit by Ben Harpur and loses puck.
4:05 of 3rd period - Snap shot by Brandon Biro.
4:05 of 3rd period - Deflect By Aleksi Heponiemi.
4:05 of 3rd period - Stopped by Devin Cooley with a rebound.
4:43 of 3rd period - Cavan Fitzgerald is hit by Declan Chisholm and loses puck.
4:48 of 3rd period - Snap shot by Linus Weissbach.
4:48 of 3rd period - Deflect By Tyler Benson.
4:48 of 3rd period - Stopped by Devin Cooley with a rebound.
4:58 of 3rd period - Vasily Podkolzin is hit by Ben Harpur and loses puck.
5:05 of 3rd period - Wrist shot by Nicholas Robertson.
5:05 of 3rd period - Shot Blocked by Dean Stewart.
5:26 of 3rd period - Slapshot by Buddy Robinson.
5:26 of 3rd period - Stopped by Jet Greaves with a rebound.
6:29 of 3rd period - Slapshot by Tyson Foerster.
6:29 of 3rd period - Shot Misses the Net.
6:49 of 3rd period - Declan Chisholm is hit by Buddy Robinson and loses puck.
7:26 of 3rd period - Lawrence Pilut is hit by Tyler Benson and loses puck.
8:27 of 3rd period - Nils Hoglander is hit by Jeff Malott and loses puck.
8:35 of 3rd period - Minor Penalty to Jeff Malott for Tripping.
8:36 of 3rd period - Filip Hallander wins face-off versus Mitchell Stephens in Hartford Wolf Pack zone.
9:18 of 3rd period - Dean Stewart is hit by Declan Chisholm and loses puck.
10:10 of 3rd period - Nicholas Robertson is hit by Jordan Harris and loses puck.
10:35 of 3rd period - Penalty to Jeff Malott is over, Jeff Malott is back on ice.
10:52 of 3rd period - Snap shot by Lukas Rousek.
10:52 of 3rd period - Stopped by Jet Greaves without a rebound.
10:53 of 3rd period - Linus Weissbach wins face-off versus Jackson Cates in Hartford Wolf Pack zone.
10:55 of 3rd period - Minor Penalty to Jeff Malott for Holding.
10:56 of 3rd period - Filip Hallander wins face-off versus Tyson Foerster in Hartford Wolf Pack zone.
11:02 of 3rd period - Backhand shot by Anthony Bitetto.
11:02 of 3rd period - Stopped by Devin Cooley without a rebound.
11:03 of 3rd period - Tyson Foerster wins face-off versus Filip Hallander in Chicago Wolves zone.
11:08 of 3rd period - Snap shot by Vasily Podkolzin.
11:08 of 3rd period - Deflect By Nicholas Robertson.
11:08 of 3rd period - Shot Misses the Net.
11:08 of 3rd period - Puck is out of play.
11:09 of 3rd period - Filip Hallander wins face-off versus Tyson Foerster in Hartford Wolf Pack zone.
11:37 of 3rd period - Icing by Lawrence Pilut.
11:38 of 3rd period - Mitchell Stephens wins face-off versus Filip Hallander in Chicago Wolves zone.
11:47 of 3rd period - Snap shot by Mitchell Stephens.
11:47 of 3rd period - Shot Misses the Net.
11:49 of 3rd period - Snap shot by Mitchell Stephens.
11:49 of 3rd period - Shot Misses the Net.
11:51 of 3rd period - Wrist shot by Valtteri Puustinen.
11:51 of 3rd period - Stopped by Jet Greaves without a rebound.
11:52 of 3rd period - Tyson Foerster wins face-off versus Filip Hallander in Hartford Wolf Pack zone.
12:21 of 3rd period - Wrist shot by Valtteri Puustinen.
12:21 of 3rd period - Shot Misses the Net.
12:55 of 3rd period - Penalty to Jeff Malott is over, Jeff Malott is back on ice.
13:12 of 3rd period - Snap shot by Lukas Rousek.
13:12 of 3rd period - Goal by Lukas Rousek - Hartford Wolf Pack : 1 - Chicago Wolves : 5.
13:13 of 3rd period - Jack Finley wins face-off versus Mitchell Stephens in neutral zone.
13:16 of 3rd period - Snap shot by Anthony Bitetto.
13:16 of 3rd period - Shot Misses the Net.
13:51 of 3rd period - Wrist shot by Jackson Cates.
13:51 of 3rd period - Shot Blocked by Gustav Olofsson.
14:24 of 3rd period - Ethan Keppen is hit by Lukas Rousek.
15:05 of 3rd period - Saku Maenalanen is hit by Ben Harpur.
15:48 of 3rd period - Wrist shot by Aleksi Heponiemi.
15:48 of 3rd period - Shot Misses the Net.
15:50 of 3rd period - Snap shot by Aleksi Heponiemi.
15:50 of 3rd period - Shot Blocked by Dean Stewart.
15:52 of 3rd period - Snap shot by Declan Chisholm.
15:52 of 3rd period - Stopped by Devin Cooley with a rebound.
17:05 of 3rd period - Snap shot by Cavan Fitzgerald.
17:05 of 3rd period - Stopped by Jet Greaves without a rebound.
17:06 of 3rd period - Jack Finley wins face-off versus C.J. Smith in Hartford Wolf Pack zone.
18:01 of 3rd period - Slapshot by Ben Harpur.
18:01 of 3rd period - Shot Misses the Net.
18:03 of 3rd period - Backhand shot by Ben Harpur.
18:03 of 3rd period - Shot Misses the Net.
18:05 of 3rd period - Slapshot by Anthony Bitetto.
18:05 of 3rd period - Stopped by Devin Cooley with a rebound.
18:21 of 3rd period - Vasily Podkolzin is hit by Stelio Mattheos and loses puck.
18:38 of 3rd period - Backhand shot by Vitali Kravtsov.
18:38 of 3rd period - Goal by Vitali Kravtsov - Hartford Wolf Pack : 1 - Chicago Wolves : 6.
18:39 of 3rd period - Filip Hallander wins face-off versus Mitchell Stephens in neutral zone.
19:05 of 3rd period - Zachary Jones is hit by Vasily Podkolzin and loses puck.
19:30 of 3rd period - Snap shot by Zachary Jones.
19:30 of 3rd period - Stopped by Devin Cooley without a rebound.
19:31 of 3rd period - Jackson Cates wins face-off versus Linus Weissbach in Chicago Wolves zone.
19:31 of 3rd period - Jackson Cates is hit by Linus Weissbach.
19:47 of 3rd period - Wrist shot by Saku Maenalanen.
19:47 of 3rd period - Stopped by Jet Greaves without a rebound.
19:48 of 3rd period - Mitchell Stephens wins face-off versus Filip Hallander in Hartford Wolf Pack zone.
19:59 of 3rd period - Slapshot by Karson Kuhlman.
19:59 of 3rd period - Shot Blocked by Valtteri Puustinen.
Goals for this period are 0 for Hartford Wolf Pack vs 2 for Chicago Wolves.
Shots for this period are 7 for Hartford Wolf Pack vs 10 for Chicago Wolves.